 Dungeon Crawl Stone Soup version 0.19-a0-1608-g4cf22de (webtiles) character file.

147 Amnesiac the Twirler (level 5, -1/39 HPs)
             Began as a Mummy Gladiator on Sept 18, 2016.
             Slain by a centaur (3 damage)
             ... on level 4 of the Dungeon.
             The game lasted 00:02:08 (1077 turns).

Amnesiac the Twirler (Mummy Gladiator)              Turns: 1077, Time: 00:02:09

Health: -1/39      AC:  6    Str: 19    XL:     5   Next: 7%
Magic:  5/5        EV: 11    Int:  7    God:
Gold:   39         SH:  0    Dex: 13    Spells: 0 memorised, 4 levels left

rFire  x . .     SeeInvis .     a - +0 quarterstaff
rCold  + . .     Gourm    .     h - +0 ring mail
rNeg   + + +     Faith    .     (shield currently unavailable)
rPois  ∞         Spirit   .     c - +0 helmet
rElec  .         Dismiss  .     (no cloak)
rCorr  .         Reflect  .     (no gloves)
MR     .....     Harm     .     (no boots)
Stlth  +......... Rnd*Tele +    (no amulet)
                                (no ring)
                                i - ring of teleportation

@: no status effects
A: no food or potions, fire vulnerability, cold resistance 1, negative energy
resistance 3, torment resistance, unbreathing
a: no special abilities


You were on level 4 of the Dungeon.
You were not hungry.

You visited 1 branch of the dungeon, and saw 4 of its levels.

You collected 39 gold pieces.

Inventory:

Hand Weapons
 a - a +0 quarterstaff (weapon)
Armour
 c - a +0 helmet (worn)
 h - a +0 ring mail (worn)
 j - a +0 pair of gloves
Jewellery
 i - a ring of teleportation (left hand)
Scrolls
 b - a scroll of identify {unknown}
 e - a scroll of noise {unknown}


   Skills:
 + Level 2.4 Fighting
 * Level 3.4 Staves
 * Level 3.4 Throwing
 - Level 2.4 Dodging


You had 4 spell levels left.
You didn't know any spells.

Dungeon Overview and Level Annotations

Branches:
Dungeon (4/15)
 Temple: D:4-7

Altars:


Innate Abilities, Weirdness & Mutations

You do not eat or drink.
Your flesh is vulnerable to fire.
You are immune to poison.
Your flesh is cold resistant. (rC+)
You are immune to negative energy. (rN+++)
You are immune to unholy pain and torment.
You can survive without breathing.


Message History

The centaur unwields an uncursed shortbow.
The centaur hits you but does no damage. x2
Throwing (i - inventory):
d - a throwing net (quivered)
Press: ? - help, Shift-Dir - straight line, f/p - centaur
Aim: a centaur (heavily wounded)
You throw a throwing net.
The throwing net closely misses the centaur.
The centaur barely misses you.
You hit the centaur.
The centaur is heavily wounded.
The centaur misses you.
You barely miss the centaur.
The centaur is heavily wounded.
The centaur barely misses you. The centaur hits you.
* * * LOW HITPOINT WARNING * * *
You aren't carrying any items that you can evoke.
As you read the scroll labeled IHEEQ IDEPPARPH, it crumbles to dust.
You feel as if something is helping you.
It was a scroll of remove curse.
The centaur hits you.
You die...

## .. .# ..
##########(#
#.(...(.@c#
#..(.......#
#.......#..+
#.......#..#
....######..#
..... ..#
#...... ..#
#...... ###
######.


You could see a centaur.

Vanquished Creatures
  An iguana (D:4)
  4 worker ants (D:4)
  An adder (D:4)
  2 orcs (D:4)
  3 hobgoblins
  4 kobolds
  3 bats
  A rat (D:1)
19 creatures vanquished.

Notes
Turn   | Place    | Note
-------+----------+-------------------------------------------
     0 | D:1      | Amnesiac the Mummy Gladiator began the quest for the Orb.
     0 | D:1      | Reached XP level 1. HP: 16/16 MP: 1/1
   174 | D:2      | Reached XP level 2. HP: 17/22 MP: 2/2
   446 | D:4      | Reached XP level 3. HP: 18/27 MP: 3/3
   527 | D:4      | Reached XP level 4. HP: 13/33 MP: 4/4
   935 | D:4      | Reached XP level 5. HP: 7/39 MP: 5/5
  1061 | D:4      | Noticed a centaur
  1077 | D:4      | Slain by a centaur

Vault maps used:
D:1:      minmay_arrival_widening_spiral_wide
D:2:      ecumenical_altar_1, guppyfry_early_orc_mine, uniq_natasha
D:3:      lemuel_doored_altar, gammafunk_temple_overflow_elements, first_bread,
          minmay_crystal_water
D:4:      kennysheep_generic_room_16

Skill      XL: |  1  2  3 |
---------------+----------+-----
Staves         | 3 |  3.4
Throwing       | 2 3 |  3.4
Fighting       | |  2.4
Dodging        | |  2.4

Action                   |  1- 3 |  4- 6 || total
-------------------------+-------+-------++-------
Melee: Quarterstaff      |    63 |    29 ||    92
Throw: Javelin           |     4 |     9 ||    13
       Throwing net      |       |     3 ||     3
  Use: Scroll            |       |     1 ||     1
Armor: Leather armour    |     4 |       ||     4
       Ring mail         |    15 |     8 ||    23
Dodge: Dodged            |    45 |    22 ||    67
